Map: Washout LE

Players

如是我闻 - Winner!

  • Race: Zerg Zerg
  • League: Grandmaster
  • Spawn Location: 7:00

PricklySpike

  • Race: Zerg Zerg
  • League: Grandmaster
  • Spawn Location: 1:00

VOD

Have the link to the VOD?

Description

Time

  • Played on: Aug. 14, 2026, 4:13 a.m.
  • Length: 9:16
Show
View Real Time Build Order
Export as new Build Order

如是我闻 Zerg - Winner!

Build Orders: Pool First 

Get SALT Encoding   

  8  0:00  Drone  
  9  0:11  Drone  
  10  0:33  Spawning Pool  
  9  0:38  Drone  
  10  0:44  Drone  
  12  0:50  Drone  
  12  1:00  Overlord  
  12  1:20  Zergling x6  
  15  1:34  Zergling x2  
  16  1:45  Hatchery  
  15  1:49  Zergling x2  
  15  1:54  Zergling x2  
  17  2:01  Drone  
  18  2:18  Queen  
  20  2:23  Overlord  
  20  2:41  Drone  
  20  2:42  Drone  
  20  2:47  Drone  
  21  2:57  Drone x2  
  22  3:02  Queen  
  22  3:15  Drone x3  
  24  3:23  Queen  
  26  3:27  Drone  
  26  3:30  Zergling x2  
  26  3:31  Zergling x2  
  29  3:38  Spine Crawler  
  29  3:50  Spine Crawler  
  29  3:53  Zergling x6  
  31  4:01  Drone  
  31  4:02  Drone  
  32  4:07  Overlord  
  32  4:09  Extractor x2  
  30  4:13  Drone x2  
  32  4:23  Overlord  
  32  4:31  Drone  
  32  4:32  Drone x4  
  32  4:37  Drone x3  
  40  4:48  Spore Crawler  
  40  4:51  Spore Crawler  
  38  4:55  Drone x6  
  46  5:04  Drone x3  
  47  5:10  Overlord  
  44  5:17  Evolution Chamber, Overlord  
  44  5:19  Evolution Chamber  
  42  5:25  Metabolic Boost  
  42  5:36  Baneling Nest, Drone  
  42  5:37  Drone, Hatchery  
  42  5:39  Drone  
  43  5:50  Drone x2  
  45  5:58  Zerg Melee Weapons Level 1  
  45  6:12  Zergling x2  
  45  6:13  Zergling x16  
  54  6:19  Zergling x6  
  54  6:21  Zerg Ground Armor Level 1  
  54  6:24  Zergling x4  
  59  6:34  Lair  
  59  6:35  Zergling x2  
  59  6:36  Zergling x6  
  63  6:42  Zergling x2  
  64  6:55  Overlord  
  64  6:56  Overlord x2  
  64  7:01  Baneling x4  
  64  7:02  Baneling  
  63  7:09  Hatchery  
  59  7:18  Zergling x2  
  59  7:19  Zergling x22  
  61  7:42  Zergling x2  
  61  7:43  Zergling x14  
  64  7:46  Centrifugal Hooks  
  64  7:49  Baneling  
  64  7:50  Baneling x4  
  64  7:51  Zergling x12  
  67  7:52  Zergling x2  
  67  7:56  Zergling x2  
  67  7:57  Zergling x2  
  68  8:01  Zergling x2  
  66  8:19  Zergling x4  
  70  8:20  Zergling x18  
  70  8:21  Baneling  
  70  8:22  Baneling x8  
  70  8:24  Queen  
  70  8:25  Zergling x2  
  78  8:32  Zergling x8  
  77  8:38  Zergling x2  
  73  8:42  Zergling x6  
  70  8:55  Zergling x2  
  70  8:56  Zergling x12  
Show
View Real Time Build Order
Export as new Build Order

PricklySpike Zerg 

Build Orders: Hatch First 

Get SALT Encoding   

  8  0:00  Drone  
  9  0:11  Drone  
  10  0:16  Drone  
  11  0:27  Overlord  
  11  0:34  Drone  
  12  0:46  Drone x2  
  14  0:51  Drone  
  15  1:01  Drone  
  16  1:16  Hatchery  
  15  1:19  Extractor  
  14  1:32  Spawning Pool  
  13  1:35  Drone  
  13  1:39  Drone  
  15  1:43  Drone  
  16  2:19  Zergling x6  
  16  2:21  Queen, Extractor  
  16  2:22  Metabolic Boost  
  22  2:30  Overlord  
  18  2:54  Zergling x4  
  20  2:59  Zergling x2  
  21  3:09  Zergling x2  
  20  3:13  Hatchery  
  19  3:21  Drone  
  20  3:37  Drone  
  20  3:38  Queen  
  20  3:40  Drone  
  23  3:59  Drone x2  
  24  4:05  Evolution Chamber  
  23  4:12  Hatchery  
  21  4:18  Zergling x2  
  21  4:19  Zergling x2  
  23  4:26  Drone  
  23  4:28  Drone  
  25  4:35  Drone  
  25  4:38  Zergling x2  
  27  4:47  Zergling x4  
  27  4:48  Zergling x4  
  27  4:51  Zergling x2  
  31  5:00  Zergling x2  
  31  5:09  Drone  
  31  5:13  Zerg Ground Armor Level 1  
  31  5:16  Overlord  
  31  5:17  Overlord  
  31  5:23  Queen  
  31  5:24  Drone  
  31  5:27  Drone  
  35  5:34  Drone x2  
  35  5:35  Drone x2  
  38  5:41  Drone  
  38  5:42  Drone  
  41  5:44  Drone  
  41  5:46  Drone  
  41  5:48  Drone  
  44  5:51  Drone  
  44  5:54  Drone  
  46  5:57  Overlord  
  46  6:04  Queen  
  46  6:09  Drone x3  
  51  6:15  Queen  
  53  6:19  Overlord  
  53  6:27  Queen  
  55  6:33  Zergling x8  
  55  6:34  Overlord  
  55  6:38  Zergling x4  
  55  6:39  Zergling x2  
  62  6:40  Zergling x2  
  62  6:42  Drone  
  62  6:46  Queen  
  66  6:48  Zergling x2  
  66  6:52  Zergling x2  
  66  6:53  Zergling x4  
  67  6:57  Queen  
  67  7:00  Zergling x2  
  70  7:13  Drone x2  
  72  7:16  Zergling x8  
  72  7:21  Drone  
  74  7:23  Zergling x4  
  59  7:42  Drone  
  59  7:43  Drone x4  
  56  7:45  Drone  
  56  7:46  Drone x3, Queen x2  
  64  7:56  Zergling x6  
  59  8:20  Drone  
  59  8:21  Zergling x6  
  59  8:22  Zergling x8  
  59  8:24  Zergling x2  
  59  8:26  Queen  
  69  8:32  Zergling x2  
  69  8:35  Zergling x2  
  55  8:53  Evolution Chamber  
Tags
 
Add a new tag
Caveats
  • Supply blocks, unpowered buildings, or Contaminate may cause inaccurate times.
  • Supply counts are checked every 10 seconds.